 Dungeon Crawl Stone Soup version 0.17-b1-20-g63edfd6 (webtiles) character file.

108 Hanyuu the Insei (level 4, -3/28 HPs)
             Began as an Octopode Transmuter on Nov 4, 2015.
             Slain by a gnoll
             ... wielding a +1 halberd of distortion
              (14 damage)
             ... on level 3 of the Dungeon.
             The game lasted 00:05:50 (3184 turns).

Hanyuu the Insei (Octopode Transmuter)              Turns: 3184, Time: 00:05:51

Health: -3/28      AC:  2    Str:  9    XL:     4   Next: 87%
Magic:  5/7        EV: 19    Int: 16    God:
Gold:   82         SH:  0    Dex: 17    Spells: 3 memorised, 1 level left

rFire  . . .     SeeInvis .       - Unarmed
rCold  . . .     Clarity  .     (shield currently unavailable)
rNeg   . . .     SustAt   .     (helmet currently unavailable)
rPois  x         Gourm    .     e - amulet of rage
rElec  .         Spirit   .     (no ring)
rCorr  .         Warding  .     (no ring)
rMut   .         Stasis   .     (no ring)
MR     .....                    (no ring)
Stlth  ++........               (no ring)
                                (no ring)
                                (no ring)
                                (no ring)

@: spider-form (expiring), not resistant to hostile enchantments, unstealthy
A: almost no armour, amphibious, 8 rings, (constrict 8), (camouflage 0),
(gelatinous body 0)
a: End Transformation, Evoke Berserk Rage


You were on level 3 of the Dungeon.
You were hungry.
You were a venomous arachnid creature.
You visited 1 branch of the dungeon, and saw 3 of its levels.

You collected 82 gold pieces.

Inventory:

Missiles
 a - 12 arrows
 f - 28 poisoned needles
Jewellery
 e - an amulet of rage (around neck)
Scrolls
 g - 3 scrolls of remove curse
 k - a scroll of recharging
Potions
 i - a potion of haste {unknown}
 j - a potion of agility
Books
 b - a book of Changes

   Spells                             Type                      Level
   a - Beastly Appendage              Transmutation                1
   b - Sticks to Snakes               Transmutation                2
   c - Spider Form                    Transmutation/Poison         3
   d - Ice Form                       Ice/Transmutation            4
   e - Blade Hands                    Transmutation                5
Comestibles
 c - a bread ration
 d - 2 chunks of flesh
 h - a meat ration
 n - 3 fruits


   Skills:
 + Level 1.6 Fighting
 - Level 2.0 Dodging
 * Level 4.7 Unarmed Combat
 - Level 2.0 Spellcasting
 + Level 2.8 Transmutations
 * Level 0.5 Poison Magic


You had one spell level left.
You knew the following spells:

 Your Spells              Type           Power        Failure   Level  Hunger
a - Beastly Appendage     Trmt           ##....       24%         1    #......
b - Sticks to Snakes      Trmt           ##........   28%         2    ###....
c - Spider Form           Trmt/Pois      #.........   56%         3    ###....


Dungeon Overview and Level Annotations

Branches:
Dungeon (3/15)

Altars:
Trog

Annotations:
D:3 exclusion: player ghost, Turgon's ghost, amateur OpFi


Innate Abilities, Weirdness & Mutations

You cannot wear most types of armour.
You are amphibious.
You can wear up to eight rings at the same time.
((You can use your tentacles to constrict eight enemies at once.))
((Your skin changes colour to match your surroundings (Stealth).))
((Your rubbery body absorbs attacks (AC +1).))


Message History

You kill the gnoll!
Things that are here:
a halberd; a gnoll corpse A gnoll comes into view.
It is wielding a halberd of distortion.
Your transformation is almost over.
The gnoll throws a throwing net.
The throwing net closely misses you.
Found a leather armour.
You see here a throwing net.
A gnoll comes into view. It is wielding a whip.
The gnoll completely misses you. The gnoll misses you.
Found a stone staircase leading up.
You closely miss the gnoll. The gnoll closely misses you.
The gnoll closely misses you. The gnoll hits you but does no damage.
You hit the gnoll.
The gnoll is poisoned.
The gnoll is moderately wounded.
The gnoll shouts!
The gnoll hits you with a halberd of distortion!
Space warps horribly around you!
Ouch! That really hurt!
You die...

#### #.. #.###
###.#.##
####......##
##.##.....g.#.#
##...#..gg......
#.......s#
##.)(###.# ###...#
#<.. #.....# ###+##
#.#...# ##...##
#.#######.....##
##.## ##.......##
##...####.........#
#.......'.........+


You could see 3 gnolls.

Vanquished Creatures
  A gnoll (D:3)
  3 adders (D:2)
  A worm (D:2)
  An adder skeleton (D:3)
  4 giant geckos
  6 orcs (D:3)
  3 giant cockroaches
  6 goblins
  6 hobgoblins
  3 jackals (D:3)
  A quokka (D:3)
  A ball python (D:3)
  4 bats
  2 giant newts (D:1)
  5 kobolds
  5 rats
52 creatures vanquished.

Notes
Turn   | Place    | Note
--------------------------------------------------------------
     0 | D:1      | Hanyuu the Octopode Transmuter began the quest for the Orb.
     0 | D:1      | Reached XP level 1. HP: 13/13 MP: 3/3
   142 | D:1      | Reached XP level 2. HP: 16/18 MP: 5/5
   808 | D:1      | Reached skill level 4 in Unarmed Combat
   995 | D:1      | Reached XP level 3. HP: 23/23 MP: 4/6
  2126 | D:2      | You fall through a shaft!
  2170 | D:3      | Learned a level 2 spell: Sticks to Snakes
  2174 | D:3      | Learned a level 3 spell: Spider Form
  2197 | D:3      | Noticed Turgon's ghost (amateur OpFi)
  2239 | D:2      | Reached XP level 4. HP: 20/28 MP: 7/7
  3043 | D:3      | Found a bloodstained altar of Trog.
  3184 | D:3      | Slain by a gnoll

Action                   |  1- 3 |  4- 6 || total
-------------------------+-------+-------++-------
Melee: Unarmed           |    84 |    47 ||   131
 Cast: Beastly Appendage |     8 |     2 ||    10
       Spider Form       |       |     2 ||     2
  Use: Potion            |     1 |       ||     1
       Scroll            |       |     5 ||     5
 Stab: Sleeping          |     6 |     4 ||    10
  Eat: Chunk             |     4 |     3 ||     7
